AoeStats
← SebastianCiv

Arena

509270317Analyzed
1v1 RM · 5d ago on Sep 26, 2026· 60m 38s· 2 players
Game mode
Random Map
Map size
Tiny (2 player)
Population
200
Speed
Normal
Resources
Standard
Victory
Conquest
Starting age
Dark Age
Ending age
Imperial Age
RankedLock teamsTeams togetherTeam positionsShared explorationLock speedFull tech treeHidden civsTurbo modeCheats
Victory
Defeat
🇭🇰 Bengalis · Hong Kong SAR China
631
+18
🇺🇾 Spanish · Uruguay
682
-18
o()o
9:32 Feudal Age
13:13 Castle Age
12:07 Double-Bit Axe
12:42 Horse Collar
19:48 Bow Saw
20:41 Heavy Plow
21:09 Loom
21:16 Town Watch
22:51 Gold Mining
22:51 Stone Mining
22:51 Gold Mining
22:51 Stone Mining
22:51 Gold Mining
22:51 Stone Mining
24:48 Wheelbarrow
24:54 Fervor
26:37 Hand Cart
26:40 Fletching
27:04 Paiks
28:01 Bodkin Arrow
28:07 Padded Archer Armor
28:19 Masonry
29:52 Bloodlines
29:43 Husbandry
31:56 Leather Archer Armor
32:05 Ballistics
31:41 Murder Holes
31:57 Fortified Wall
32:12 Town Patrol
34:59 Gold Shaft Mining
38:08 Herbal Medicine
SebastianCiv
5:33 Loom
13:51 Feudal Age
14:16 Horse Collar
15:17 Wheelbarrow
14:31 Double-Bit Axe
14:45 Gold Mining
17:19 Forging
18:50 Scale Mail Armor
22:56 Castle Age
21:10 Man-at-Arms
24:10 Hand Cart
24:12 Bow Saw
30:05 Stone Mining
32:56 Pikeman
33:41 Squires
34:20 Iron Casting
35:36 Town Watch
39:11 Imperial Age
36:42 Murder Holes
36:59 Masonry
40:44 Town Patrol
40:12 Elite Skirmisher
40:47 Fletching
41:58 Blast Furnace
41:14 Chain Mail Armor
41:06 Scale Barding Armor
41:05 Halberdier
41:06 Long Swordsman
41:32 Gambesons
41:36 Elite Conquistador
43:40 Bodkin Arrow
43:47 Padded Archer Armor
45:12 Chemistry
44:33 Ballistics
44:45 Architecture
51:28 Heavy Plow
52:32 Two-Man Saw
51:35 Two-Handed Swordsman
56:54 Bracer
57:27 Plate Mail Armor
Connection lost

Rejoining the realm…

Still unreachable

The connection could not be restored.

Session expired

The server has moved on; the page needs a fresh start.